 Dungeon Crawl Stone Soup version 0.24-a0-106-gcea5463b43 (webtiles) character file.

Game seed: 3660700232797592504

32 xoxolimbo the Digger (level 3, 23/28 HPs)
             Began as a Deep Dwarf Earth Elementalist on Feb 12, 2019.
             Got out of the dungeon alive.
             The game lasted 00:04:29 (1187 turns).

xoxolimbo the Digger (DDEE)                         Turns: 1187, Time: 00:04:29

Health: 23/28      AC:  2    Str: 11    XL:     3   Next: 8%
Magic:  6/6        EV: 12    Int: 16    God:
Gold:   16         SH:  0    Dex: 13    Spells: 2/6 levels left

rFire    . . .     SeeInvis .   a - +0 short sword
rCold    . . .     Gourm    .   (no shield)
rNeg     . . .     Faith    .   c - +0 robe
rPois    .         Spirit   .   (no helmet)
rElec    .         Reflect  .   (no cloak)
rCorr    .         Harm     .   (no gloves)
MR       .....                  (no boots)
Stlth    ++........             (no amulet)
HPRegen  0.00/turn              (no ring)
MPRegen  0.10/turn              (no ring)

@: non-regenerating
A: damage resistance, heal wounds, sense surroundings 1, no regeneration
a: Heal Wounds


You escaped.
You were not hungry.

You visited 1 branch of the dungeon, and saw 1 of its levels.

You collected 16 gold pieces.

Inventory:

Hand Weapons
 a - a +0 short sword (weapon)
Missiles
 b - 111 stones (quivered)
Armour
 c - a +0 robe (worn)
Scrolls
 i - 5 scrolls of teleportation {unknown}
 k - a scroll of identify {unknown}
Potions
 e - a potion of lignification {unknown}
 g - a potion of curing {unknown}
 h - a potion of resistance {unknown}
 j - a potion of haste {unknown}
Comestibles
 d - a ration
 f - 6 chunks of flesh


   Skills:
 - Level 2.1 Dodging
 - Level 2.4 Stealth
 + Level 2.2 Spellcasting
   Level 0.8 Transmutations
 * Level 5.2 Earth Magic


You had 2 spell levels left.
You knew the following spells:

 Your Spells              Type           Power        Failure   Level  Hunger
a - Sandblast             Erth           ###...       2%          1    #......
c - Stone Arrow           Conj/Erth      ##....       21%         3    ###....

Your spell library contained the following spells:

 Spells                   Type           Power        Failure   Level  Hunger
 Passwall                 Tmut/Erth      ##......     9%          2    ###....
 Petrify                  Tmut/Erth      ##......     50%         4    #####..
 Lee's Rapid Deconstruct  Erth           ###.......   54%         5    ######.


Dungeon Overview and Level Annotations

Branches:
Dungeon (1/15)

Altars:


Innate Abilities, Weirdness & Mutations

You are resistant to damage.
You can heal yourself by infusing magical energy.
You passively map a small area around you.
You do not regenerate.


Message History

A hobgoblin is nearby!
The hobgoblin shouts!
Casting: Sandblast (safe; 2% risk of failure)
Confirm with . or Enter, or press ? or * to list all spells.
Aiming: Sandblast (safe; 2% risk of failure)
Press: ? - help, Shift-Dir - straight line, f - hobgoblin
Aim: a hobgoblin The blast of sand hits the hobgoblin.
You kill the hobgoblin!
b - 111 stones You see here a hobgoblin corpse.
You butcher the hobgoblin corpse.
f - 6 chunks of flesh (gained 1)
You see here a hobgoblin skeleton.
Things that are here:
a +0 dagger; a goblin skeleton
There is an open door here.
There is a staircase leading out of the dungeon here.
Are you sure you want to leave the Dungeon?
This will make you lose the game!
You have escaped!

#.##......
#########.##.....#
#.........##......
#.#######.....#...
#######.###########.#...
#.#.#.#.#.#.#.# #.....
#'#'#'#'#'#'#'# #.##..
##.#.#.#.#.#.#.#####.##..
*,+.......@.......'.##.####
**##.#.#.#.#.#.#.#####.#
#+#'#'#'#'#'#'# #.# *
#.#.#.#.#.#.# #.####
####################.....
#...............).......#
#.#######.#..#........#.#
#.#########........#.##.#
#.#................#.##.#


There were no monsters in sight!

Vanquished Creatures
  A dart slug (D:1)
  A leopard gecko (D:1)
  2 bats (D:1)
  A giant cockroach (D:1)
  4 goblins (D:1)
  5 hobgoblins (D:1)
  2 jackals (D:1)
  4 kobolds (D:1)
  2 ball pythons (D:1)
  2 frilled lizards (D:1)
  3 rats (D:1)
27 creatures vanquished.

Notes
Turn   | Place    | Note
-------+----------+-------------------------------------------
     0 | D:1      | xoxolimbo the Deep Dwarf Earth Elementalist began the quest
                  | for the Orb.
     0 | D:1      | Reached XP level 1. HP: 15/15 MP: 3/3
   244 | D:1      | Reached XP level 2. HP: 20/22 MP: 1/5
   899 | D:1      | Reached skill level 5 in Earth Magic
  1069 | D:1      | Reached XP level 3. HP: 23/28 MP: 4/6
  1074 | D:1      | Learned a level 3 spell: Stone Arrow
  1187 | D:$      | Got out of the dungeon alive.

Levels and vault maps discovered:
D:1:      onia_arrival_larder, layout_basic, minmay_pentomino_t4

Skill      XL: |  1  2 |
---------------+-------+-----
Spellcasting   | 2 |  2.2
Earth Magic    | 5 |  5.2
Dodging        | |  2.1
Stealth        | |  2.4
Transmutations | |  0.8

Action                   || total
-------------------------++-------
Melee: Short sword       ||     8
 Cast: Sandblast         ||    32
  Eat: Chunk             ||     1
Armor: Robe              ||     6
Dodge: Dodged            ||    13

Table legend:
 A = Non-vault XP
 B = Vault XP
 C = Vault XP percentage of total XP
 D = Non-vault monster count
 E = Vault monster count
 F = Vault count percentage of total count
                 A         B        C        D         E       F
            +---------+---------+-------+---------+---------+-------
      Total |      37 |       9 |  19.6 |      21 |       6 |  22.2
            +---------+---------+-------+---------+---------+-------
        D:1 |      37 |       9 |  19.6 |      21 |       6 |  22.2
            +---------+---------+-------+---------+---------+-------
